 Dungeon Crawl Stone Soup version 0.28-a0-1435-g82390b3a13 (webtiles) character file.

Game seed: 8164752102892366998

159 knot the Chopper (level 5, 61/61 HPs)
             Began as a Demonspawn Berserker on Jan 10, 2022.
             Was a Believer of Trog.
             Quit the game on level 2 of the Dungeon.
             The game lasted 00:04:35 (3116 turns).

knot the Chopper (Demonspawn Berserker)             Turns: 3116, Time: 00:04:36

Health: 61/61      AC:  7    Str: 23    XL:     5   Next: 17%
Magic:  5/5        EV: 10    Int: 10    God:    Trog [**....]
Gold:   179        SH:  4    Dex: 13    Spells: 4/4 levels left

rFire   . . .      SeeInvis .   a - +0 hand axe
rCold   . . .      Faith    .   (no shield)
rNeg    . . .      Spirit   .   k - +0 scale mail
rPois   .          Reflect  .   j - +0 helmet
rElec   .          Harm     .   (no cloak)
rCorr   .          Rampage  .   (no gloves)
Will    ++...                   (no boots)
Stlth   ..........              (no amulet)
HPRegen 3.20/turn               o - +6 ring of strength
MPRegen 0.09/turn               (no ring)

@: berserking, strong-willed (expiring), regenerating (expiring), very quick
A: large bone plates 1, powered by death 2
a: Renounce Religion, Berserk, Trog's Hand


You were on level 2 of the Dungeon.
You worshipped Trog.
Trog was pleased with you.
You visited 1 branch of the dungeon, and saw 3 of its levels.

You collected 179 gold pieces.

Inventory:

Hand Weapons
 a - a +0 hand axe (weapon)
Missiles
 e - 22 sling bullets
 g - 91 stones (quivered)
Armour
 b - a +0 animal skin
 j - a +0 helmet (worn)
 k - a +0 scale mail (worn)
Jewellery
 o - a +6 ring of strength (left hand)
Scrolls
 c - a scroll of blinking {unknown}
 f - a scroll of immolation {unknown}
 i - a scroll of teleportation {unknown}
 l - 2 scrolls of fear {unknown}
 m - a scroll of enchant weapon {unknown}
 q - a scroll of enchant armour {unknown}
 r - a scroll of silence {unknown}
 s - a scroll of holy word {unknown}
Potions
 d - a potion of invisibility
 p - a potion of lignification {unknown}


   Skills:
 - Level 3.0 Fighting
 + Level 5.4 Axes
 - Level 1.7 Armour
 - Level 1.7 Dodging


You had 4 spell levels left.
You didn't know any spells.
Your spell library contained the following spells:

 Spells                   Type           Power      Damage    Failure   Level
 Magic Dart               Conj           0%         1d3       69%         1
 Searing Ray              Conj           0%         2d4       83%         2
 Ignite Poison            Fire/Tmut/Pois 0%         N/A       96%         3
 Fulminant Prism          Conj/Hex       0%         3d6       100%        4
 Dragon Form              Tmut           0%         N/A       100%        7
 Ignition                 Fire           0%         3d3       100%        8


Dungeon Overview and Level Annotations

Branches:
Dungeon (3/15)

Altars:


Innate Abilities, Weirdness & Mutations

You are partially covered in large bone plates. (SH +4)
You regenerate health from kills.


Message History

You climb upwards.
There is a stone staircase leading down here.
You start resting.
Your extra speed is starting to run out.
You start resting.
You feel yourself slow down.
You start resting.
HP restored.
Okay, then.
Your skin crawls.
You feel strong-willed.
You climb downwards.
Level annotation: Terence
There is a stone staircase leading up here.
A red film seems to cover your vision as you go berserk!
You feel yourself moving faster!
You feel mighty!
You feel the effects of Trog's Hand fading.
The orc wizard closely misses you.
You slash the orc wizard!
The orc wizard is heavily wounded.
The orc wizard casts a spell.
The orc wizard flickers and vanishes!
Deactivating autopickup; reactivate with Ctrl-A.
You completely miss something. Something hits you but does no damage.
You slash something!
You feel the power of Trog in you as your rage grows.
Trog accepts your kill.
Trog appreciates your killing of a magic user.
Reactivating autopickup.
You feel a bit more experienced.
Your Axes skill increases to level 5!
You slash Terence!
Terence is moderately wounded.
You slash Terence!
You kill Terence!
Trog accepts your kill.
You have reached level 5!
Your demonic ancestry asserts itself...
Large bone plates grow over parts of your arms.
Are you sure you want to abandon this character and quit the game? (Confirm with "yes".)

..........#####.#.##........#....
####.#..........#.#'.....####.###
####.#.#.########.##.....# #.#
.....#.#..........##.###.# #.#
.....#.#.########.##.# #.# #.#
.....#...########.##.# #.# #.#
.....#...............# #.# #.#
.[...##..###############'####.#
......)..##### #@)o.........#.#
.............# #####........#.#
.............# #........#.#
........>....#######........#.#
...................@oo......#.#
######'#'##......o...########.#
.........##..........# #.#
.........##..........# #.#
.........##..........# ######.#


You could see an orc wizard.

Vanquished Creatures
  Terence (D:2)
  An iguana (D:3)
  An orc wizard (D:2)
  Robin (D:2)
  An adder (D:2)
  3 dart slugs
  An orc (D:3)
  4 ball pythons
  5 endoplasms
  A giant cockroach (D:1)
  14 goblins
  5 hobgoblins
  A quokka (D:1)
  7 bats
  3 kobolds
  5 rats
54 creatures vanquished.

Vanquished Creatures (others)
  3 fungi (D:1)
  3 toadstools (D:1)
6 creatures vanquished.

Grand Total: 60 creatures vanquished

Notes
Turn   | Place    | Note
-------+----------+-------------------------------------------
     0 | D:1      | knot the Demonspawn Berserker began the quest for the Orb.
     0 | D:1      | Reached XP level 1. HP: 18/18 MP: 1/1
   190 | D:1      | Reached skill level 3 in Axes
   250 | D:1      | Got the Disquisition on the Mutagenic Volcanoes
   270 | D:1      | Gained mutation: You regenerate a little health from kills.
                  | [demonic ancestry]
   270 | D:1      | Reached XP level 2. HP: 24/24 MP: 2/2
  1390 | D:2      | Noticed Robin
  1398 | D:1      | Reached XP level 3. HP: 24/29 MP: 3/3
  1570 | D:1      | Reached skill level 4 in Axes
  1692 | D:2      | Killed Robin
  2486 | D:2      | Gained mutation: You regenerate health from kills. [demonic
                  | ancestry]
  2486 | D:2      | Reached XP level 4. HP: 34/35 MP: 4/4
  2533 | D:2      | Found a faded altar of an unknown god.
  2736 | D:3      | Reached ** piety under Trog
  2837 | D:3      | Noticed Terence
  3114 | D:2      | Reached skill level 5 in Axes
  3115 | D:2      | Killed Terence
  3116 | D:2      | Gained mutation: You are partially covered in large bone
                  | plates. (SH +4) [demonic ancestry]
  3116 | D:2      | Reached XP level 5. HP: 41/41 MP: 5/5
  3116 | D:2      | Quit the game

Illustrated notes

Levels and vault maps discovered:
D:1:      dpeg_arrival_chambers_temple_mockup, layout_rooms,
          serial_co_window_serial, co_window_paths_a, co_window_paths_a,
          co_window_corner_a, co_window_paths_b, co_window_corner_a,
          co_window_paths_c, co_window_paths_c, co_window_broadway_a,
          co_window_4corner_b, glass_columns_a, skrybe_limestone_x,
          minmay_gold_behind_fungi
D:2:      layout_basic, shapermc_ecumenical_altar_mp_vishouse, uniq_robin
D:3:      layout_rooms, mainiacjoe_overflow_cross_hatched,
          serial_park_tiny_pond, uniq_terence

Skill      XL: |  1  2  3  4 |
---------------+-------------+-----
Axes           | 3 4 5 |  5.4
Fighting       | |  3.0
Armour         | |  1.7
Dodging        | |  1.7

Action                   |  1- 3 |  4- 6 || total
-------------------------+-------+-------++-------
Melee: Hand axe          |   102 |    21 ||   123
       Punch             |     1 |       ||     1
Throw: Stone             |       |     5 ||     5
Invok: Berserk           |     4 |     2 ||     6
       Trog's Hand       |       |     1 ||     1
  Use: Potion            |       |     4 ||     4
Armor: Animal skin       |    30 |       ||    30
       Scale mail        |    10 |    25 ||    35
Dodge: Dodged            |    79 |    19 ||    98

Table legend: (Time is in decaauts)
 A = Elapsed time spent in this place.
 B = Non-inter-level travel time spent in this place.
 C = Inter-level travel time spent in this place.
 D = Time resting spent in this place.
 E = Time spent auto-exploring this place.
 F = Levels seen in this place.
 G = Mean time per level.
                   A        B        C        D        E       F      G
               +--------+--------+--------+--------+--------+-----+--------+
         Total |   3158 |   2935 |    223 |    716 |   1834 |   3 | 1052.7 |
       Dungeon |   3158 |   2935 |    223 |    716 |   1834 |   3 | 1052.7 |
               +--------+--------+--------+--------+--------+-----+--------+

Top non-repeatable levels by time:
     D:1: 2101 daAuts
     D:2: 915 daAuts
     D:3: 141 daAuts
